Map: Neon Violet Square LE

Players

llllllllll

  • Race: Zerg Zerg
  • League: Master
  • Spawn Location: 5:00

Neuro - Winner!

  • Race: Zerg Zerg
  • League: Master
  • Spawn Location: 11:00

VOD

Have the link to the VOD?

Description

Time

  • Played on: Nov. 15, 2017, 3:24 p.m.
  • Length: 6:57
Show
View Real Time Build Order
Export as new Build Order

llllllllll Zerg 

Build Orders: Hatch First 

Get SALT Encoding   

  12  0:01  Drone  
  13  0:13  Overlord  
  13  0:18  Drone  
  14  0:31  Drone  
  14  0:32  Drone  
  16  0:35  Drone  
  17  0:52  Hatchery  
  17  0:56  Drone  
  17  1:00  Drone  
  17  1:01  Extractor  
  17  1:15  Spawning Pool  
  16  1:19  Drone  
  16  1:22  Drone  
  18  1:29  Drone  
  19  1:40  Overlord  
  19  1:53  Drone  
  20  2:02  Queen  
  20  2:04  Drone, Metabolic Boost  
  23  2:10  Queen  
  23  2:13  Drone  
  26  2:17  Drone  
  26  2:20  Drone  
  28  2:23  Drone  
  28  2:29  Baneling Nest  
  28  2:32  Zergling x2  
  28  2:35  Drone  
  30  2:41  Drone  
  31  2:45  Drone  
  32  2:57  Hatchery  
  31  3:01  Drone  
  31  3:04  Zergling x2  
  33  3:07  Overlord  
  33  3:09  Drone  
  34  3:13  Baneling x2  
  34  3:17  Drone x2  
  36  3:23  Lair  
  36  3:28  Zergling x2  
  36  3:29  Zergling x2  
  36  3:30  Drone  
  39  3:35  Drone  
  39  3:36  Drone x2  
  39  3:40  Drone x2  
  44  3:50  Overlord  
  44  3:52  Extractor  
  44  3:53  Extractor  
  42  3:59  Overlord  
  42  4:00  Drone x2  
  44  4:09  Drone x3  
  47  4:14  Zergling x4  
  47  4:15  Baneling x2  
  48  4:19  Queen  
  48  4:22  Drone x5  
  55  4:35  Spire  
  53  4:43  Drone x5  
  56  4:46  Zergling x4  
  58  4:55  Spine Crawler  
  56  5:00  Extractor, Drone x3, Spine Crawler  
  56  5:04  Extractor  
  56  5:05  Extractor, Drone x3  
  56  5:06  Hydralisk Den  
  57  5:10  Drone x2  
  57  5:11  Overlord  
  60  5:15  Drone x4  
  64  5:26  Drone  
  65  5:29  Overlord x2  
  65  5:47  Mutalisk  
  65  5:48  Mutalisk x6  
  79  5:54  Zergling x6  
  79  5:56  Baneling  
  79  5:57  Baneling  
  82  5:59  Drone x2  
  82  6:02  Evolution Chamber  
  83  6:04  Lurker Den  
  82  6:17  Drone x3  
  85  6:19  Evolution Chamber  
  85  6:21  Hatchery  
  83  6:29  Roach Warren  
  83  6:32  Mutalisk  
Show
View Real Time Build Order
Export as new Build Order

Neuro Zerg - Winner!

Build Orders: Hatch First 

Get SALT Encoding   

  12  0:01  Drone  
  13  0:13  Overlord  
  13  0:18  Drone  
  14  0:32  Drone x2  
  17  0:35  Drone  
  17  0:52  Hatchery  
  17  0:55  Drone  
  17  0:58  Drone  
  18  1:09  Extractor  
  17  1:14  Spawning Pool  
  17  1:17  Drone  
  17  1:22  Drone  
  18  1:31  Drone  
  19  1:40  Overlord  
  19  1:53  Drone  
  20  2:01  Queen  
  20  2:03  Zergling x2  
  20  2:04  Queen  
  20  2:05  Zergling x2  
  26  2:10  Metabolic Boost  
  26  2:14  Zergling x2  
  27  2:25  Drone x2  
  27  2:29  Drone  
  30  2:36  Baneling Nest, Drone  
  31  2:37  Drone  
  31  2:50  Drone x2  
  33  2:56  Hatchery  
  32  3:01  Overlord  
  32  3:05  Overlord  
  32  3:13  Drone, Zergling x4  
  35  3:23  Drone x5  
  35  3:26  Baneling x2  
  40  3:28  Zergling x2  
  41  3:38  Drone x2  
  43  3:42  Drone  
  43  3:43  Drone x3  
  46  3:51  Drone x4  
  50  3:57  Baneling x2  
  50  4:00  Drone  
  50  4:02  Extractor  
  50  4:07  Evolution Chamber, Drone  
  50  4:09  Roach Warren  
  49  4:19  Overlord  
  49  4:21  Lair, Drone x2  
  49  4:22  Drone x3  
  54  4:26  Queen  
  55  4:44  Zergling x16  
  62  4:51  Queen  
  62  4:52  Extractor x2, Overlord x2  
  61  4:55  Zerg Missile Weapons Level 1  
  61  4:59  Overlord  
  59  5:02  Pneumatized Carapace  
  59  5:10  Drone x3  
  59  5:12  Drone x4  
  66  5:19  Roach  
  66  5:20  Roach  
  70  5:24  Queen  
  72  5:32  Queen  
  72  5:34  Overlord  
  74  5:43  Nydus Network  
  74  5:44  Queen, Drone x4  
  74  5:45  Drone x3  
  82  5:56  Overlord  
  82  5:58  Overlord x2  
  82  5:59  Roach x3  
  87  6:19  Roach x9  
  105  6:29  Nydus Canal  
  105  6:32  Baneling x3  
  105  6:33  Baneling  
  105  6:37  Roach x6  
  105  6:39  Spore Crawler  
  116  6:40  Spore Crawler  
  116  6:42  Spore Crawler  
Tags
 
Add a new tag
Caveats
  • Supply blocks, unpowered buildings, or Contaminate may cause inaccurate times.
  • Supply counts are checked every 10 seconds.